 Dungeon Crawl Stone Soup version 0.20-a0-492-g6327889 (webtiles) character file.

2202 Goblin1989 the Grappler (level 9, -3/76 HPs)
             Began as a Troll Transmuter on Jan 15, 2017.
             Was a Believer of Cheibriados.
             Slain by an unseen horror (8 damage)
             ... on level 7 of the Dungeon.
             The game lasted 00:17:50 (5481 turns).

Goblin1989 the Grappler (Troll Transmuter)          Turns: 5481, Time: 00:17:51

Health: -3/76      AC:  2    Str: 24    XL:     9   Next: 12%
Magic:  16/18      EV: 22    Int: 15    God:    Cheibriados [**....]
Gold:   396        SH:  0    Dex: 20    Spells: 4/10 levels left

rFire    . . .     SeeInvis .     - Unarmed
rCold    . . .     Gourm    +   (armour currently unavailable)
rNeg     . . .     Faith    .   (shield currently unavailable)
rPois    x         Spirit   .   (helmet currently unavailable)
rElec    .         Reflect  .   (cloak currently unavailable)
rCorr    .         Harm     .   (gloves unavailable)
MR       .....                  (boots unavailable)
Stlth    ++........             (no amulet)
Regen    0.6/turn               F - ring of magical power
                                f - ring of wizardry

@: spider-form (expiring), very slow
A: unfitting armour, (claws 0), fast metabolism 3, gourmand, regeneration 1,
(shaggy fur 0), (tough skin 0)
a: End Transformation, Bend Time, Renounce Religion


You were on level 7 of the Dungeon.
You worshipped Cheibriados.
Cheibriados was pleased with you.
You were completely stuffed.
You were a venomous arachnid creature.
You visited 1 branch of the dungeon, and saw 7 of its levels.
You also visited: Sewer.

You collected 396 gold pieces.

Inventory:

Missiles
 a - 141 arrows
 Z - 2 throwing nets {=f, !d}
Armour
 b - a +1 robe (melded)
 m - a +0 cloak (melded)
Jewellery
 f - a ring of wizardry (left front leg)
 F - a ring of magical power (right front leg)
Wands
 y - a wand of polymorph (9/24)
Scrolls
 g - 3 scrolls of enchant weapon
 i - 7 scrolls of remove curse {@r2}
 j - a scroll of blinking {unknown}
 k - 2 scrolls of fog
 q - a scroll of recharging
 u - a scroll of fear
 A - a scroll of amnesia
 C - a scroll of immolation {!r}
 R - a scroll of identify {@r1}
 T - a scroll of teleportation {!r, @r4}
Potions
 d - 5 potions of might {unknown}
 n - 7 potions of curing {@q1}
 o - a potion of magic {unknown}
 p - 2 potions of agility {unknown}
 r - a potion of lignification {unknown}
 s - a potion of heal wounds {unknown}
 v - a potion of mutation {unknown}
 z - 4 potions of flight {unknown}
 B - a potion of cancellation {unknown}
 D - a potion of berserk rage {unknown}
 E - a potion of brilliance {unknown}
Books
 c - a book of Changes

   Spells                             Type                      Level
   a - Beastly Appendage              Transmutation                1
   b - Sticks to Snakes               Transmutation                2
   c - Spider Form                    Transmutation/Poison         3
   d - Ice Form                       Ice/Transmutation            4
   e - Blade Hands                    Transmutation                5
 h - the Collected Works on the Compass
   (You found it on level 4 of the Dungeon)

   Spells                             Type                      Level
   a - Apportation                    Translocation                1
   b - Lesser Beckoning               Translocation                3
   c - Portal Projectile              Translocation                3
   d - Passage of Golubria            Translocation                4
   e - Dispersal                      Translocation                6
Comestibles
 e - 6 bread rations {@e1}
 l - 5 meat rations {@e2}
 t - 3 beef jerkies
 w - a slice of pizza
 x - a chunk of flesh {@w0}


   Skills:
 + Level 1.0 Fighting
 + Level 3.5 Dodging
 * Level 10.4 Unarmed Combat
 - Level 1.2 Spellcasting
 - Level 4.1 Transmutations
 + Level 1.1 Invocations


You had 4 spell levels left.
You knew the following spells:

 Your Spells              Type           Power        Failure   Level  Hunger
a - Beastly Appendage     Tmut           ##....       7%          1    ##.....
b - Sticks to Snakes      Tmut           ##......     10%         2    ###....
c - Spider Form           Tmut/Pois      #.........   26%         3    ####...


Dungeon Overview and Level Annotations

Branches:
Dungeon (7/15)
 Temple: D:4-7

Altars:
Ashenzari
Cheibriados
Trog
Uskayaw
Vehumet
Zin

Annotations:
D:4 100P's ghost, amateur MiFi
D:6 Kite's ghost, novice MiBe


Innate Abilities, Weirdness & Mutations

You are too large for most types of armour.
((You have claws for hands.))
Your metabolism is lightning-fast.
You like to eat raw meat.
Your natural rate of healing is unusually fast.
((You are covered in fur. (AC +1)))
((You have very tough skin. (AC +2)))


Message History

Something hits you but does no damage. Something hits you but does no damage.
Something hits you.
* * * LOW HITPOINT WARNING * * *
You see here 11 stones.
Okay, then.
Cast which spell? (? or * to list)
You turn into a venomous arachnid creature.
Your +0 cloak melds into your body.
Your +1 robe melds into your body.
Something barely misses you.
You now have 15/18 mp.
Unknown command.
Something closely misses you. Something hits you!
* * * LOW HITPOINT WARNING * * *
You take 8 damage, and have 2/76 hp.
Something barely misses you.
Your transformation is almost over.
Something closely misses you.
You closely miss something. Something hits you!
You die... █.█ █.█ █.█ █.█ █.█ █.█ █.█ █████████s█

.. .........{██ .██
██..█████..██ ..
.......)(...██ . ..
.............█ .█
.█.....█....█
██.█.███ █.███.█....█
...█.....█.....█....█
█.. .█.....█.........


There were no monsters in sight!

Vanquished Creatures
  Pikel (D:4)
  Sigmund (D:5)
  An orc warrior (D:5)
  3 sky beasts (D:5)
  A centaur (D:6)
  4 big kobolds (Sewer)
  A bullfrog (D:6)
  A scorpion (D:6)
  A wight (D:7)
  A bullfrog zombie (D:7)
  A crimson imp (D:7)
  A jelly (D:6)
  2 hounds (D:5)
  An orc priest (D:7)
  2 orc wizards (D:4)
  Terence (D:3)
  7 worker ants
  3 worker ant zombies
  2 gnolls (D:5)
  5 adders
  A howler monkey skeleton (D:5)
  2 shadow imps
  5 oozes
  2 adder zombies
  3 dart slugs
  8 leopard geckos
  22 orcs
  9 bats
  6 giant cockroaches
  6 goblins
  8 hobgoblins
  7 jackals
  13 kobolds
  2 quokkas
  5 ball pythons
  4 frilled lizards
  11 rats
154 creatures vanquished.

Vanquished Creatures (others)
  2 slaves
  A gnoll (D:5)
  An adder (D:6)
  A quokka (D:5)
5 creatures vanquished.

Grand Total: 159 creatures vanquished

Notes
Turn   | Place    | Note
-------+----------+-------------------------------------------
     0 | D:1      | Goblin1989 the Troll Transmuter began the quest for the Orb.
     0 | D:1      | Reached XP level 1. HP: 18/18 MP: 1/1
   115 | D:1      | Reached XP level 2. HP: 26/26 MP: 2/2
   240 | D:1      | Reached skill level 4 in Unarmed Combat
   376 | D:1      | Reached XP level 3. HP: 29/32 MP: 3/3
  1025 | D:2      | Reached XP level 4. HP: 40/40 MP: 4/4
  1029 | D:2      | Learned a level 2 spell: Sticks to Snakes
  1162 | D:2      | Reached skill level 5 in Unarmed Combat
  1705 | D:3      | Noticed Terence
  1713 | D:3      | Killed Terence
  1754 | D:3      | Reached XP level 5. HP: 46/46 MP: 5/5
  2085 | D:3      | Found a shattered altar of Ashenzari.
  2399 | D:4      | Reached skill level 6 in Unarmed Combat
  2473 | D:4      | Learned a level 3 spell: Spider Form
  2545 | D:4      | Noticed 100P's ghost (amateur MiFi)
  2790 | D:4      | Identified the Collected Works on the Compass
  2908 | D:4      | Found a radiant altar of Vehumet.
  2909 | D:4      | Found a hide-covered altar of Uskayaw.
  2975 | D:5      | Entered Level 5 of the Dungeon
  2975 | D:5      | Noticed a sky beast
  2978 | D:5      | Noticed an orc warrior
  2983 | D:5      | Killed a sky beast
  2983 | D:5      | Reached XP level 6. HP: 36/54 MP: 6/6
  3278 | D:5      | Killed an orc warrior
  3278 | D:5      | Reached skill level 7 in Unarmed Combat
  3388 | D:5      | Found a bloodstained altar of Trog.
  3413 | D:5      | Noticed a sky beast
  3423 | D:5      | Killed a sky beast
  3423 | D:5      | Reached XP level 7. HP: 54/61 MP: 7/7
  3424 | D:5      | Noticed Sigmund
  3437 | D:5      | Killed Sigmund
  3532 | D:5      | Noticed Pikel
  3542 | D:5      | HP: 1/61 [Pikel/whip of electrocution (20)]
  3613 | D:4      | Killed Pikel
  3613 | D:4      | Reached skill level 9 in Unarmed Combat
  3613 | D:4      | Reached XP level 8. HP: 9/68 MP: 8/8
  4138 | D:5      | Gained mutation: Scrolls take you a little longer to read. [mutagenic meat]
  4139 | D:5      | Lost mutation: Scrolls take you a little longer to read. [mutagenic meat]
  4412 | D:6      | Found a snail-covered altar of Cheibriados.
  4412 | D:6      | Found a glowing silver altar of Zin.
  4412 | D:6      | Found a bloodstained altar of Trog.
  4420 | D:6      | Became a worshipper of Cheibriados the Contemplative
  4536 | D:6      | Noticed Kite's ghost (novice MiBe)
  4762 | D:6      | Found a glowing drain.
  4766 | Sewer    | Entered a sewer
  4791 | Sewer    | Reached skill level 10 in Unarmed Combat
  4800 | Sewer    | Reached * piety under Cheibriados
  4961 | Sewer    | Reached XP level 9. HP: 72/75 MP: 9/9
  5415 | D:7      | Reached ** piety under Cheibriados
  5415 | D:7      | Reached skill level 1 in Invocations
  5430 | D:7      | Reached skill level 1 in Fighting
  5471 | D:7      | HP: 1/76 [something (8)]
  5478 | D:7      | HP: 2/76 [something (9)]
  5481 | D:7      | Slain by an unseen horror

Vault maps used:
D:1:      matt_arrival_diagonals
D:3:      first_bread, nicolae_ashenzari_panopticon, uniq_terence
D:4:      gammafunk_temple_overflow_pools
D:5:      trog_three_pillars_becter, uniq_sigmund, uniq_pikel
D:6:      gammafunk_temple_overflow_claw, gup_sewer_entry_bowl, serial_bayou,
          serial_bayou_pond_d, serial_bayou_lagoon_a, serial_bayou_crossing,
          serial_bayou_pond_a
D:7:      hangedman_cross_stitches, uniq_duvessa
Sewer:    kennysheep_pipe_town

Skill      XL: |  1  2  3  4  5  6  7  8  9 |
---------------+----------------------------+-----
Unarmed Combat | 4 5 6 7 9 10 | 10.4
Transmutations | 2 3 4 |  4.1
Dodging        | 3 |  3.5
Invocations    | 1 |  1.1
Fighting       | 1 |  1.0
Spellcasting   | |  1.2

Action                   |  1- 3 |  4- 6 |  7- 9 || total
-------------------------+-------+-------+-------++-------
Melee: Unarmed           |   101 |   145 |   195 ||   441
       Punch             |     2 |     1 |     5 ||     8
 Cast: Spider Form       |       |       |     1 ||     1
Evoke: Wand              |       |       |     1 ||     1
  Use: Scroll            |       |       |    12 ||    12
       Potion            |       |       |     2 ||     2
 Stab: Sleeping          |       |       |     1 ||     1
  Eat: Chunk             |    15 |    22 |    19 ||    56
Armor: Robe              |    45 |    44 |    93 ||   182
Dodge: Dodged            |    72 |    65 |    91 ||   228

Vault maps used:
D:1:      matt_arrival_diagonals
D:3:      first_bread, nicolae_ashenzari_panopticon, uniq_terence
D:4:      gammafunk_temple_overflow_pools
D:5:      trog_three_pillars_becter, uniq_sigmund, uniq_pikel
D:6:      gammafunk_temple_overflow_claw, gup_sewer_entry_bowl, serial_bayou,
          serial_bayou_pond_d, serial_bayou_lagoon_a, serial_bayou_crossing,
          serial_bayou_pond_a
D:7:      hangedman_cross_stitches, uniq_duvessa
Sewer:    kennysheep_pipe_town
